 Dungeon Crawl Stone Soup version 0.25-a0-578-gc91f01c39c (webtiles) character file.

Game seed: 306194470254009757, levelgen mode: deterministic

349430 Flugslaktarn the Peltast (level 20, -9/206 HPs)
             Began as a Deep Dwarf Fighter on Mar 5, 2020.
             Was the Champion of Makhleb.
             Killed by the air
             ... invoked by a titan
              (34 damage)
             ... on level 4 of the Realm of Zot.
             The game lasted 00:19:36 (19729 turns).

Flugslaktarn the Peltast (Deep Dwarf Fighter)      Turns: 19729, Time: 00:19:36

Health: -9/206     AC: 32    Str: 36    XL:     20   Next: 89%
Magic:  9/9        EV:  7    Int:  8    God:    Makhleb [******]
Gold:   1907       SH: 25    Dex: 12    Spells: 19/19 levels left

rFire    + + .     SeeInvis .   A - +5 broad axe
rCold    + + .     Gourm    .   H - +0 tower shield
rNeg     + + .     Faith    .   W - +0 gold dragon scales
rPois    +         Spirit   .   M - -2 hat of the Alchemist {rElec rPois rF+ rC+ rN+ MR+ rMut rCorr}
rElec    +         Reflect  .   Y - +2 cloak
rCorr    +         Harm     .   X - +2 pair of gloves {Str+3}
rMut     +                      o - +2 pair of boots {Fly}
MR       ++++.                  (no amulet)
Stlth    ..........             s - ring of Curiosity {Str+6 Int-3} (curse)
HPRegen  0.00/turn              j - +2 ring of slaying
MPRegen  0.11/turn

@: mighty, flying, non-regenerating
A: damage resistance, heal wounds, horns 1, blurry vision 1, negative energy
resistance 1, sense surroundings 3, screaming 1, MP-powered wands, no
regeneration
}: 3/15 runes: decaying, serpentine, silver
a: Heal Wounds, Minor Destruction, Lesser Servant of Makhleb, Major Destruction,
Greater Servant of Makhleb, Renounce Religion, Stop Flying


You were on level 4 of the Realm of Zot.
You worshipped Makhleb.
Makhleb was exalted by your worship.
You were not hungry.

You visited 8 branches of the dungeon, and saw 42 of its levels.
You also visited: Gauntlet.

You collected 2271 gold pieces.
You spent 364 gold pieces at shops.

Inventory:

Hand Weapons
 a - a +1 war axe
 A - a +5 broad axe (weapon)
   (You took it off a naga on level 3 of the Snake Pit)
 N - a +3 broad axe of electrocution
   (You bought it in a shop on level 2 of the Vaults)
Missiles
 E - 2 throwing nets (quivered)
Armour
 o - a +2 pair of boots of flying (worn)
   (You bought it in a shop on level 4 of the Dungeon)
 y - a +1 hat of see invisible
   (You took it off Gastronok on level 1 of the Lair of Beasts)
 G - a +0 helmet
   (You found it on level 9 of the Dungeon)
 H - a +0 tower shield (worn)
   (You took it off a vault guard on level 14 of the Dungeon)
 M - the -2 hat of the Alchemist (worn) {rElec rPois rF+ rC+ rN+ MR+ rMut rCorr}
   (You found it on level 1 of the Snake Pit)

   It protects you from fire.
   It protects you from cold.
   It insulates you from electricity.
   It protects you from poison.
   It protects you from negative energy.
   It affects your resistance to hostile enchantments.
   It provides partial protection from all sources of acid and corrosion.
   It protects you from mutation.
   If you remove this armour, your AC will increase by 2 (32 -> 34).
 S - a +1 kite shield
 W - +0 gold dragon scales (worn)
   (You found it on level 5 of the Depths)
 X - a +2 pair of gloves of strength (worn)
   (You found it in a Gauntlet)
 Y - a +2 cloak (worn)
   (You found it on level 3 of the Snake Pit)
Jewellery
 b - a cursed ring of attention {unknown}
   (You found it in a Gauntlet)
 c - an uncursed ring of protection from cold
   (You took it off a centaur on level 15 of the Dungeon)
 f - an uncursed ring of protection from fire
   (You found it on level 4 of the Dungeon)
 j - a +2 ring of slaying (right hand)
   (You found it on level 3 of the Lair of Beasts)
 n - an uncursed amulet of harm
   (You found it on level 5 of the Dungeon)
 p - a +2 ring of protection
   (You found it on level 9 of the Dungeon)
 s - the cursed ring of Curiosity (left hand) {Str+6 Int-3}
   (You found it on level 5 of the Dungeon)

   [ring of intelligence]

   It affects your strength (+6).
   It affects your intelligence (-3).
   It has a curse placed upon it.
 K - an uncursed ring of fire
   (You took it off an orc warrior on level 10 of the Dungeon)
 L - the ring "Vuumna" {Fire rN+, unknown}
   (You found it in a Gauntlet)

   [ring of fire]

   It enhances your fire magic.
   It protects you from fire.
   It makes you vulnerable to cold.
   It protects you from negative energy.
 P - an uncursed ring of protection from fire
   (You found it on level 1 of the Depths)
Wands
 u - a wand of enslavement (14)
   (You found it on level 5 of the Dungeon)
 v - a wand of digging (3)
   (You found it on level 10 of the Dungeon)
 C - a wand of paralysis (4)
   (You found it on level 7 of the Dungeon)
 D - a wand of iceblast (5)
   (You found it on level 4 of the Snake Pit)
 V - a wand of acid (12)
   (You found it in a Gauntlet)
Scrolls
 k - a scroll of silence
 l - 5 scrolls of immolation
 r - 7 scrolls of identify
 t - 2 scrolls of teleportation
 x - 5 scrolls of remove curse
 z - 2 scrolls of blinking
 O - 2 scrolls of fog
 U - a scroll of vulnerability
Potions
 d - 2 potions of might
 h - 2 potions of haste
 i - 3 potions of lignification
 q - 4 potions of curing
 w - a potion of heal wounds
 B - 4 potions of brilliance
 F - 6 potions of stabbing
 I - 5 potions of flight
 J - 4 potions of ambrosia
 Q - a potion of cancellation
 R - a potion of mutation
 T - a potion of magic
Comestibles
 e - 35 rations
 g - a chunk of flesh


   Skills:
 + Level 18.6 Fighting
 - Level 18.0 Axes
 + Level 19.8 Armour
 + Level 19.8 Shields
 - Level 15.0 Invocations


You had 19 spell levels left.
You didn't know any spells.
Your spell library was empty.

Dungeon Overview and Level Annotations

Branches:
Dungeon (15/15)            Temple (1/1) D:6            Lair (4/6) D:9
  Swamp (4/4) Lair:3        Snake (4/4) Lair:4          Orc (0/2) D:11
 Vaults (5/5) D:14          Crypt (0/3) Vaults:3     Depths (5/5) D:15
    Zot (4/5) Depths:5    Gauntlet (visited)

Altars:
Ashenzari
Elyvilon
Fedhas
Gozag
Kikubaaqudgha
Makhleb
Nemelex Xobeh
Okawaru
Ru
Sif Muna
Trog
Vehumet
Xom
Yredelemnul
Zin
The Shining One

Shops:
D:4 [   D:10 (   D:15 [   Snake:3 ==}   Vaults:2 (   Vaults:3 [   Vaults:5 [

Portals:
Hell: Depths:1 Depths:4
Trove: Depths:5 (give +5 fire dragon scales)

Annotations:
D:6 1 runed translucent door, Wiebster667's ghost, novice MiBe
D:9 2 transporters, Buagguej's ghost, novice DDFi
Swamp:4 2 transporters, Yermak's ghost, journeyman CeTm


Innate Abilities, Weirdness & Mutations

You are resistant to damage.
You can heal yourself by infusing magical energy.
You resist negative energy. (rN+)
You passively map a large area around you.
You do not regenerate.
You have a pair of small horns on your head.
Scrolls take you a little longer to read.
You occasionally shout uncontrollably at your foes.
You expend magic power (3 MP) to strengthen your wands.


Message History

You resist.
The bolt of lightning hits the titan.
The titan completely resists.
You block the two-headed ogre's attack. x2
The titan waves its arms in wide circles.
The air twists around and violently strikes you in flight!!!
* * * LOW HITPOINT WARNING * * *
You are too injured to fight recklessly!
You are too injured to fight recklessly!
You are too injured to fight recklessly!
You are too injured to fight recklessly!
You are too injured to fight recklessly!
You are too injured to fight recklessly!
You slash the moth of wrath!
The moth of wrath is moderately wounded.
You hit the titan. You slash the two-headed ogre!
The moth of wrath goads the stone giant on!
The stone giant goes berserk!
You block the moth of wrath's attack. You block the two-headed ogre's attack.
The two-headed ogre closely misses you.
The titan waves its arms in wide circles.
The air twists around and violently strikes you in flight!!!
You die...

***********,,,,,,.,,,*#.#
#.#..., *,,,,,,,,,,*#.#
#.##### ************#.#
#.#
***************########.#
#.#
,,*,,,,,,,,,,,,TTCyTyT#.#
#.#
>,*,,,,,,,,,,,,C,TCTOT#.#
#.#
,,**''***##############)#
#.#
,,*,,,,8,..T8..y.8....#(#
#.#
,,',,,,,,..C..CO@.....[)#
#.#
>,',,,,,,.O.)y.C.....('.#
#.#
,,',,,,,,.............'.#
#.#####
,,*,,,,8,...8....8....#.#
#......
,,**''***##############.#
#######
>,*,,,,,,,,,,,,,,TCCCT#[#
,,*,,,,,,,,,,,,...TOCy#.#
#######################.#
#.........[.............#


You could see 2 titans, a fire giant, 2 iron trolls, 2 stone giants, an ettin, 3
two-headed ogres, 2 deep trolls and 3 moths of wrath.

Vanquished Creatures
  An orb of fire (Zot:2)
  An ancient lich (Vaults:5)
  Sojobo (Depths:1)
  the Lernaean hydra (Swamp:4)
  Vashnia (Snake:3)
  2 golden dragons
  An electric golem (Zot:2)
  Rupert (D:14)
  8 tentacled monstrosities
  A lich (Depths:5)
  4 titans
  3 quicksilver dragons
  A sphinx (shapeshifter) (D:14)
  7 death cobs
  4 sphinxes
  5 shadow dragons
  An ancient champion (Depths:1)
  Frances (D:14)
  Gastronok (Lair:1)
  A storm dragon (Depths:5)
  A thorn hunter (Swamp:3)
  Kirke (D:14)
  4 draconian monks
  4 nagarajas (Snake:4)
  3 tengu reavers
  2 fire giants
  A deep elf sorcerer (Vaults:5)
  5 draconian knights
  4 vault wardens
  3 frost giants
  The ghost of Jimufa the Destroyer, a journeyman DrCj of Vehumet (D:12)
  A draconian shifter (Zot:2)
  5 draconian annihilators
  5 stone giants
  2 grey draconians (Depths:5)
  9 ironheart preservers
  4 very ugly things
  4 green draconians
  2 black draconians
  6 purple draconians
  4 white draconians
  A deep elf annihilator (Vaults:4)
  A minotaur (Gauntlet)
  2 yellow draconians
  7 red draconians
  3 ettins
  A merfolk javelineer (Depths:4)
  6 fire dragons
  4 great orbs of eyes
  5 ogre magi
  4 yaktaur captains
  An ice dragon (Vaults:4)
  15 vault guards
  11 hydras
  A rakshasa (Vaults:3)
  2 spriggan air magi
  A shambling mangrove (Swamp:4)
  13 naga warriors
  2 ghost crabs (Swamp:4)
  8 alligators
  6 anacondas
  3 deep troll shamans
  18 two-headed ogres
  A catoblepas (Lair:3)
  3 centaur warriors
  2 tengu warriors
  4 deep troll earth magi (Depths:5)
  3 shock serpents
  Nergalle (Lair:3)
  8 spriggans
  Sonja (Lair:1)
  A skeletal warrior (D:15)
  9 naga sharpshooters
  2 deep elf knights
  2 iron trolls (Depths:4)
  14 deep trolls
  2 spriggan druids
  3 unseen horrors
  A salamander mystic (Snake:4)
  16 swamp dragons
  5 naga ritualists
  2 ironbrand convokers
  3 glowing orange brains
  A lindwurm (shapeshifter) (Vaults:5)
  Pikel (D:9)
  A phantasmal warrior (Vaults:5)
  4 harpies (Vaults:5)
  A mana viper (shapeshifter) (Vaults:4)
  4 deep elf archers
  7 deep elf magi
  5 mana vipers
  A wolf spider zombie (D:12)
  A wizard (Vaults:1)
  An orb spider (shapeshifter) (Depths:1)
  23 ugly things
  7 orc knights
  An orc sorcerer (Vaults:4)
  A necromancer (Vaults:4)
  10 salamanders
  3 manticores
  A wolf spider (Vaults:2)
  2 cyclopes
  A centaur zombie (D:15)
  8 moths of wrath
  4 vault sentinels
  15 black mambas
  2 guardian serpents (Snake:4)
  An apocalypse crab (Gauntlet)
  15 naga magi
  A hellion (Depths:1)
  A spiny frog (shapeshifter) (Vaults:5)
  4 gargoyles
  10 spiny frogs
  A freezing wraith (Vaults:5)
  14 yaktaurs
  7 komodo dragons
  3 tengu conjurers
  A guardian mummy (Depths:5)
  4 efreet
  4 hellwings (Depths:1)
  3 red devils (Depths:1)
  7 trolls
  5 tyrant leeches
  12 hornets
  8 slime creatures
  A queen bee (Gauntlet)
  12 blink frogs
  2 blink frogs (shapeshifter)
  3 bog bodies
  5 hippogriffs
  A centaur simulacrum (D:14)
  A wraith (Vaults:1)
  4 redbacks (Gauntlet)
  A water elemental (Depths:4)
  6 wyverns
  23 yaks
  2 basilisks
  2 fire bats (Depths:1)
  A golden eye (shapeshifter) (D:15)
  9 hogs
  A human (D:7)
  A steam dragon (Lair:3)
  Grum (D:9)
  11 vampire mosquitoes
  3 hungry ghosts
  2 insubstantial wisps (Lair:3)
  3 wargs
  33 nagas
  4 acid dragons
  4 swamp worms
  4 hell hounds (Depths:1)
  6 water moccasins
  12 porcupines
  A floating eye (shapeshifter) (Vaults:5)
  2 sky beasts
  8 ice beasts
  5 swamp drakes
  4 black bears
  A hornet zombie (D:6)
  12 orc warriors
  A slave (D:9)
  3 necrophages
  4 phantoms
  A tengu (shapeshifter) (Vaults:4)
  17 ogres
  6 wolves
  An eye of draining (shapeshifter) (Depths:1)
  10 centaurs
  9 crocodiles
  3 big kobolds
  14 bullfrogs
  A gnoll sergeant (D:6)
  2 scorpions
  13 wights
  23 killer bees
  5 howler monkeys
  2 electric eels
  4 crimson imps
  A bullfrog zombie (D:11)
  7 hounds
  3 bullfrog skeletons
  8 orc priests
  5 jellies
  12 orc wizards
  5 centaur skeletons
  5 iguanas
  9 worker ants
  4 hound skeletons
  11 gnolls
  9 adders
  3 shadow imps
  2 adder zombies
  An adder skeleton (D:4)
  A dart slug (D:4)
  6 leopard geckos
  55 orcs
  A bat (D:3)
  2 giant cockroaches
  2 goblins
  10 jackals
  19 kobolds
  7 quokkas
  A frilled lizard (D:5)
  A leopard gecko zombie (D:8)
  2 fungi
  3 plants (D:9)
1026 creatures vanquished.

Vanquished Creatures (collateral kills)
  A nagaraja (Snake:4)
  3 hydras
  A naga sharpshooter (Snake:4)
  3 skeletal warriors (D:15)
  A black mamba (Snake:4)
  2 naga magi (Snake:4)
  A blink frog (Lair:3)
  A swamp drake (Swamp:4)
13 creatures vanquished.

Vanquished Creatures (others)
  Nikola (Snake:3)
  A tentacled monstrosity (Zot:1)
  A storm dragon (Zot:2)
  A draconian knight (Zot:2)
  A draconian stormcaller (Depths:5)
  A hydra (Swamp:4)
  A two-headed ogre (Zot:4)
  A swamp dragon (Swamp:4)
  2 swamp drakes (Swamp:4)
  An orc warrior (Vaults:5)
  3 slaves (D:9)
  A crimson imp (Depths:1)
  A jelly (D:9)
  3 briar patches (Swamp:3)
  3 fungi
  8 plants
30 creatures vanquished.

Grand Total: 1069 creatures vanquished

Notes
Turn   | Place    | Note
-------+----------+-------------------------------------------
     0 | D:1      | Flugslaktarn the Deep Dwarf Fighter began the quest for the
                  | Orb.
     0 | D:1      | Reached XP level 1. HP: 20/20 MP: 1/1
    70 | D:1      | Reached XP level 2. HP: 24/27 MP: 2/2
   249 | D:4      | Found Zelagres's Armour Boutique.
   300 | D:4      | Noticed a scorpion
   316 | D:4      | Killed a scorpion
   316 | D:4      | Reached XP level 3. HP: 16/34 MP: 3/3
   316 | D:4      | Reached XP level 4. HP: 20/42 MP: 4/4
   377 | D:4      | Found a blossoming altar of Fedhas.
   432 | D:4      | Reached XP level 5. HP: 32/49 MP: 4/4
   584 | D:5      | Entered Level 5 of the Dungeon
   586 | D:5      | Noticed a sky beast
   607 | D:5      | Killed a sky beast
   607 | D:5      | Reached XP level 6. HP: 38/57 MP: 5/5
   661 | D:5      | Reached skill level 5 in Axes
   854 | D:5      | Got a clouded copper ring
   932 | D:5      | Reached XP level 7. HP: 43/64 MP: 6/6
  1185 | D:5      | Reached skill level 5 in Armour
  1185 | D:5      | Reached skill level 5 in Shields
  1481 | D:6      | Found a staircase to the Ecumenical Temple.
  1516 | Temple   | Entered the Ecumenical Temple
  1560 | Temple   | Became a worshipper of Makhleb the Destroyer
  1614 | D:6      | Reached XP level 8. HP: 57/73 MP: 5/5
  1632 | D:6      | Found a runed translucent door.
  1637 | D:6      | Noticed Wiebster667's ghost (novice MiBe)
  1758 | D:6      | Reached skill level 1 in Invocations
  1900 | D:6      | Found an ancient bone altar of Kikubaaqudgha.
  2214 | D:7      | Reached * piety under Makhleb
  2215 | D:7      | HP: 1/73 [orc warrior/+0 scimitar (22)]
  2244 | D:7      | Reached skill level 5 in Fighting
  2355 | D:7      | Found a white marble altar of Elyvilon.
  2520 | D:7      | Noticed a hippogriff
  2527 | D:7      | Killed a hippogriff
  2532 | D:7      | Gained mutation: You passively map the area around you.
                  | [Deep Dwarf growth]
  2532 | D:7      | Reached XP level 9. HP: 56/81 MP: 7/7
  2637 | D:7      | Identified the cursed ring of Curiosity {Str+6 Int-3} (You
                  | found it on level 5 of the Dungeon)
  2796 | D:4      | Bought a +0 pair of boots of flying for 126 gold pieces
  2866 | D:8      | Reached ** piety under Makhleb
  2866 | D:8      | Reached skill level 5 in Invocations
  2960 | D:8      | Found an opulent altar of Gozag.
  2961 | D:8      | Found a sparkling altar of Nemelex Xobeh.
  3198 | D:8      | Found a glowing golden altar of the Shining One.
  3473 | D:9      | Found a transporter.
  3476 | D:9      | Noticed Buagguej's ghost (novice DDFi)
  3500 | D:9      | Reached XP level 10. HP: 62/91 MP: 7/7
  3573 | D:9      | Found a transporter.
  3589 | D:9      | Noticed Pikel
  3603 | D:9      | Noticed Grum
  3610 | D:9      | Killed Pikel
  3610 | D:9      | Reached skill level 10 in Axes
  3648 | D:9      | Killed Grum
  3678 | D:9      | Reached *** piety under Makhleb
  3742 | D:9      | HP: 2/92 [poisoned by a killer bee]
  3925 | D:9      | Found a staircase to the Lair.
  4097 | D:9      | Noticed a deep troll
  4149 | D:10     | Entered Level 10 of the Dungeon
  4377 | D:10     | Noticed a gargoyle
  4385 | D:10     | Killed a gargoyle
  4524 | D:10     | Found Gyntaecs's Weapon Shoppe.
  4681 | D:10     | Reached XP level 11. HP: 83/100 MP: 6/6
  4755 | D:10     | Reached **** piety under Makhleb
  5395 | D:11     | Killed an unseen horror
  5560 | D:11     | Noticed a two-headed ogre
  5570 | D:11     | Killed a two-headed ogre
  5621 | D:11     | Noticed a purple ugly thing
  5641 | D:11     | Killed a purple ugly thing
  5932 | D:11     | Found a staircase to the Orcish Mines.
  6071 | D:12     | Found a runed translucent gate.
  6071 | D:12     | Found a runed translucent gate.
  6071 | D:12     | Found a runed translucent gate.
  6103 | D:12     | Noticed Jimufa's ghost (journeyman DrCj)
  6141 | D:12     | Reached ***** piety under Makhleb
  6336 | D:12     | Noticed a two-headed ogre
  6353 | D:12     | Killed a two-headed ogre
  6466 | D:12     | Reached XP level 12. HP: 105/110 MP: 6/8
  6810 | D:12     | HP: 5/110 [Jimufa's ghost/sticky flame (2)]
  6836 | D:12     | Killed Jimufa's ghost
  6851 | D:12     | Gained mutation: You expend magic power (3 MP) to
                  | strengthen your wands. [potion of mutation]
  6851 | D:12     | Gained mutation: You occasionally shout uncontrollably at
                  | your foes. [potion of mutation]
  6851 | D:12     | Gained mutation: You have a pair of small horns on your
                  | head. [potion of mutation]
  7050 | D:13     | Noticed a two-headed ogre
  7060 | D:13     | Killed a two-headed ogre
  7060 | D:13     | Reached skill level 10 in Armour
  7060 | D:13     | Reached skill level 10 in Shields
  7152 | D:13     | Reached skill level 10 in Invocations
  7154 | D:13     | Found an ancient bone altar of Kikubaaqudgha.
  7285 | D:13     | Noticed a seven-headed hydra
  7316 | D:13     | Killed a 12-headed hydra
  7336 | D:13     | Found a sparkling altar of Nemelex Xobeh.
  7415 | D:14     | Noticed a six-headed hydra
  7429 | D:14     | Killed a six-headed hydra
  7479 | D:14     | Noticed Kirke
  7495 | D:14     | Killed Kirke
  7720 | D:14     | Noticed a centaur warrior
  7725 | D:14     | Noticed a vault guard
  7737 | D:14     | Killed a centaur warrior
  7748 | D:14     | Noticed a vault guard
  7769 | D:14     | Reached XP level 13. HP: 43/121 MP: 3/5
  7824 | D:14     | Noticed Frances
  7866 | D:14     | Killed Frances
  7989 | D:14     | Noticed Rupert
  8012 | D:14     | Killed Rupert
  8045 | D:14     | Noticed a sphinx
  8063 | D:14     | Killed a sphinx
  8225 | D:14     | Found a gate to the Vaults.
  8341 | D:14     | Found a glowing silver altar of Zin.
  8342 | D:14     | Noticed an angel
  8408 | D:15     | Entered Level 15 of the Dungeon
  8447 | D:15     | Noticed a fire dragon
  8488 | D:15     | Noticed a fire dragon
  8493 | D:15     | Killed a fire dragon
  8493 | D:15     | Reached skill level 15 in Axes
  8499 | D:15     | Reached ****** piety under Makhleb
  8528 | D:15     | Killed a fire dragon
  8560 | D:15     | Found Etsal's Antique Armour Shoppe.
  8880 | D:15     | Gained mutation: You resist negative energy. (rN+) [Deep
                  | Dwarf growth]
  8880 | D:15     | Reached XP level 14. HP: 89/130 MP: 6/6
  9186 | D:15     | Found a staircase to the Depths.
  9349 | D:15     | Reached skill level 10 in Fighting
  9566 | Lair:1   | Entered Level 1 of the Lair of Beasts
  9590 | Lair:1   | Noticed Gastronok
  9618 | Lair:1   | Killed Gastronok
  9744 | Lair:1   | Noticed Sonja
  9751 | Lair:1   | Killed Sonja
 11110 | Lair:3   | Noticed Nergalle
 11129 | Lair:3   | Killed Nergalle
 11152 | Lair:3   | Found a staircase to the Swamp.
 11977 | Lair:4   | Found a staircase to the Snake Pit.
 12004 | Lair:4   | Found a gate leading to a gauntlet.
 12044 | Gauntlet | Entered a Gauntlet
 12044 | Gauntlet | Found a transporter.
 12044 | Gauntlet | Found a transporter.
 12049 | Gauntlet | Found a transporter.
 12052 | Gauntlet | Found a transporter.
 12052 | Gauntlet | Found a transporter.
 12052 | Gauntlet | Found a transporter.
 12062 | Gauntlet | Found a transporter.
 12066 | Gauntlet | Found a transporter.
 12076 | Gauntlet | Found a transporter.
 12087 | Gauntlet | Found a transporter.
 12105 | Gauntlet | Found a transporter.
 12109 | Gauntlet | Found a transporter.
 12376 | Gauntlet | Got a transparent marble ring
 13077 | Snake:1  | Entered Level 1 of the Snake Pit
 13137 | Snake:1  | Found the -2 hat of the Alchemist {rElec rPois rF+ rC+ rN+
                  | MR+ rMut rCorr}
 13247 | Snake:2  | Reached XP level 15. HP: 139/142 MP: 7/7
 13571 | Snake:3  | Noticed Vashnia
 13608 | Snake:3  | Killed Vashnia
 13750 | Snake:3  | Found Tuunu's Gadget Boutique.
 13750 | Snake:3  | Found Hagrin's Jewellery Emporium.
 13751 | Snake:3  | Found Jaow's Jewellery Emporium.
 13851 | Snake:3  | Noticed Nikola
 13865 | Snake:3  | Killed Nikola
 13883 | Snake:4  | Entered Level 4 of the Snake Pit
 13883 | Snake:4  | Noticed a nagaraja
 13910 | Snake:4  | Killed a nagaraja
 13931 | Snake:4  | Found a glowing silver altar of Zin.
 13991 | Snake:4  | Noticed a nagaraja
 14001 | Snake:4  | Noticed a nagaraja
 14010 | Snake:4  | Killed a nagaraja
 14027 | Snake:4  | Killed a nagaraja
 14028 | Snake:4  | Noticed a nagaraja
 14029 | Snake:4  | Noticed a nagaraja
 14031 | Snake:4  | Reached XP level 16. HP: 133/154 MP: 4/9
 14272 | Snake:4  | Got a serpentine rune of Zot
 14517 | Swamp:1  | Entered Level 1 of the Swamp
 14647 | Swamp:2  | Reached skill level 15 in Invocations
 14835 | Swamp:3  | Noticed a thorn hunter
 14860 | Swamp:3  | Killed a thorn hunter
 14981 | Swamp:4  | Entered Level 4 of the Swamp
 15032 | Swamp:4  | Found a transporter.
 15077 | Swamp:4  | Found a bloodstained altar of Trog.
 15077 | Swamp:4  | Noticed Yermak's ghost (journeyman CeTm)
 15077 | Swamp:4  | Identified the cursed +0 demon trident of Dismemberment
                  | {flame, rC++ Str+4 Int-5}
 15078 | Swamp:4  | Identified the +6 lajatang of Wu Jian's Fury {freeze, rF+
                  | Str+4}
 15080 | Swamp:4  | Identified the +5 lajatang "Ynywa" {antimagic, rN+ Int+3}
 15268 | Swamp:4  | Found a transporter.
 15608 | Swamp:4  | Noticed the 27-headed Lernaean hydra
 15616 | Swamp:4  | Reached XP level 17. HP: 131/168 MP: 9/9
 15675 | Swamp:4  | Killed the 26-headed Lernaean hydra
 15850 | Swamp:4  | Got a decaying rune of Zot
 16280 | Vaults:1 | Entered Level 1 of the Vaults
 16300 | Vaults:1 | Reached skill level 15 in Shields
 16303 | Vaults:1 | Reached skill level 15 in Fighting
 16313 | Vaults:1 | Reached skill level 15 in Armour
 16426 | Vaults:2 | Found Keybaika's Antique Weapon Shop.
 16430 | Vaults:2 | Bought a glowing broad axe for 238 gold pieces
 16607 | Vaults:3 | Found Koiq Qae's Antique Armour Shoppe.
 16848 | Vaults:4 | Noticed a tentacled monstrosity
 16856 | Vaults:4 | Killed a tentacled monstrosity
 17045 | Vaults:5 | Entered Level 5 of the Vaults
 17076 | Vaults:5 | Found Roth's Armour Boutique.
 17122 | Vaults:5 | Got a silver rune of Zot
 17200 | Vaults:5 | Gained mutation: You passively map a large area around you.
                  | [Deep Dwarf growth]
 17200 | Vaults:5 | Reached XP level 18. HP: 181/181 MP: 10/10
 17236 | Vaults:5 | Noticed an ancient lich
 17265 | Vaults:5 | Killed an ancient lich
 17392 | Vaults:5 | Noticed a tentacled monstrosity
 17401 | Vaults:5 | Killed a tentacled monstrosity
 17670 | Vaults:3 | Found a staircase to the Crypt.
 17670 | Vaults:3 | Found an ancient bone altar of Kikubaaqudgha.
 17671 | Vaults:3 | Found a basalt altar of Yredelemnul.
 17847 | Depths:1 | Entered Level 1 of the Depths
 18061 | Depths:1 | Found a gateway to Hell.
 18126 | Depths:1 | Noticed Sojobo
 18130 | Depths:1 | Reached XP level 19. HP: 122/190 MP: 11/11
 18158 | Depths:1 | Killed Sojobo
 18386 | Depths:5 | Entered Level 5 of the Depths
 18539 | Depths:5 | Found a portal to a secret trove of treasure.
 18859 | Depths:5 | Noticed a golden dragon
 18888 | Depths:5 | Killed a golden dragon
 18908 | Depths:5 | Found a gate to the Realm of Zot.
 18920 | Zot:1    | Entered Level 1 of the Realm of Zot
 18971 | Zot:1    | Reached XP level 20. HP: 204/204 MP: 11/11
 19032 | Zot:2    | You are sucked into a shaft and drop 1 floor!
 19159 | Zot:2    | Noticed an orb of fire
 19194 | Zot:2    | Gained mutation: Scrolls take you a little longer to read.
                  | [an orb of fire]
 19226 | Zot:2    | Killed an orb of fire
 19504 | Zot:4    | Noticed a golden dragon
 19521 | Zot:4    | Killed a golden dragon
 19729 | Zot:4    | Killed from afar by a titan

Levels and vault maps discovered:
D:1:      erik_arrival_triangle_huge, layout_basic,
          minmay_misc_feat_more_columns, minivault_14
D:2:      layout_basic, chequers_jeans
D:3:      layout_basic, lemuel_doored_altar
D:4:      layout_basic, serial_shops, shop, minmay_ruined_shrine
D:5:      layout_cave_pods, first_ration
D:6:      layout_gridville, lemuel_round_altar, minmay_temple_entry_hall,
          ebering_ghost_reflecting_pool, lexackson_kobold_supper
D:7:      layout_rooms, elyvilon_altar_5, nrook_mini_vaults, grunt_livestock
D:8:      layout_gridville, grunt_temple_overflow_opulence,
          nicolae_tso_carved_into_rock
D:9:      layout_basic, grunt_lair_entry_orc_guard_hut, gammafunk_ghost_arena,
          uniq_grum, uniq_pikel
D:10:     layout_stronghold, serial_shops,
          nicolae_shop_competitors_out_of_business
D:11:     layout_irregular_city, hiddenorc1_lemuel
D:12:     layout_long_grid, ebering_ghost_rock_garden
D:13:     layout_big_octagon, hangedman_feature_mirror
D:14:     layout_basic, lightli_vaults_fourway_checkpoint, zin_angel,
          uniq_kirke, uniq_rupert, uniq_frances
D:15:     grunt_enter_depths_hoard, layout_basic, patterned_corridor,
          serial_shops, shop
Temple:   nicolae_temple_elliptical
Lair:1:   layout_chaotic_city, uniq_gastronok, uniq_sonja
Lair:2:   layout_cave_pods
Lair:3:   layout_hall_layers, minmay_swamp_entry_wisps, beast_lair_carwin_5,
          serial_bayou_shore_a, grunt_megastairs_3, uniq_nergalle
Lair:4:   layout_loops_ring, guppyfry_snake_entry_island,
          gauntlet_entry_generic, serial_bayou_pond_e
Swamp:1:  layout_basic_swamp, serial_swamp_ruin, evilmike_swamp_ruin_house_5,
          hangedman_swamp_ruin_wall
Swamp:2:  layout_basic_swamp, evilmike_swamp_ruin_house_3
Swamp:3:  layout_falls_marsh, evilmike_swamp_ruin_house_2
Swamp:4:  swamp_old_school, layout_basic_swamp,
          gammafunk_ghost_wrathful_warriors
Snake:1:  minmay_snake_river, layout_chambers, uniq_aizul
Snake:2:  layout_onion_interference, serial_shops, shop, shop
Snake:3:  layout_grid_maze, minmay_shop_grove, uniq_nikola, uniq_vashnia
Snake:4:  snake_pit, layout_chambers, basic_altar, uniq_saint_roka,
          uniq_asterion
Vaults:1: v_pattern_4, v_misc_23, nicolae_vaults_statue_guard, v_alt_pattern_1,
          v_misc_23, nicolae_vaults_stairing_the_circle,
          nicolae_vaults_circle_grid_a, vaults_room_fours,
          nicolae_vaults_ring_of_whatevers, ontoclasm_vaults_hangar,
          nicolae_vaults_circle_grid_a, vaults_dpeg_diagonal,
          hangedman_vaults_impose, vaults_dpeg_encased_lava, vaults_mumra_hex,
          layout_vaults_ring
Vaults:2: ontoclasm_vaults_spin, dpeg_vaults_monster_row, vaults_dpeg_cross,
          nicolae_vaults_network_quinsquares
          [nicolae_vaults_network_quincunx_subvault,
          nicolae_vaults_network_quincunx_subvault,
          nicolae_vaults_network_quincunx_subvault,
          nicolae_vaults_network_quincunx_subvault], vaults_dpeg_ring,
          grunt_vaults_trifunnel, vaults_room_pool, vaults_room_hallway,
          nicolae_vaults_yaktaur_gun_rack, layout_vaults_omnigrid, serial_shops,
          nicolae_shop_crystal
Vaults:3: v_misc_22, minmay_crypt_entry_necro_gods, nicolae_vaults_quadrants,
          v_misc_33, nicolae_vaults_three_branches,
          nicolae_vaults_specimen_jars, v_misc_11, hangedman_vaults_slice,
          nicolae_vaults_angled_halls, v_misc_11, layout_vaults_omnibox,
          serial_shops, shop, shop, shop, nicolae_shop_trees, uniq_xtahua
Vaults:4: advil_vaults_ghost_lines, grunt_vaults_focal, v_pattern_3,
          hangedman_vaults_stitches, v_misc_29, st_octagons_1,
          vaults_room_pools, nicolae_vaults_little_squares_3,
          ontoclasm_vaults_shuriken, v_misc_8, ontoclasm_vaults_bender,
          v_misc_25, nicolae_vaults_alarming, v_misc_4, hangedman_vaults_trim,
          vaults_room_pools, layout_vaults_maze_snakey
Vaults:5: uniq_boris
Depths:1: layout_roguey, hellmouth_3, hangedman_decor_slide_cut,
          minmay_misc_feat_square, chequers_serial_rivers_room_a,
          kennysheep_crisscross, sword_in_stone
Depths:2: grunt_runaround [grunt_runaround_doors_1, grunt_runaround_doors_2,
          grunt_runaround_doors_3, grunt_runaround_doors_4,
          grunt_runaround_loot], hell_entry
Depths:3: minmay_the_grid_square_5x5_4x4_mashed
          [minmay_the_grid_square_5x5_longway,
          minmay_the_grid_square_5x5_fancy_junction,
          minmay_the_grid_square_5x5_inverted_slash,
          minmay_the_grid_square_5x5_three_walls,
          minmay_the_grid_square_5x5_gyroscope,
          minmay_the_grid_square_5x5_prize_junk,
          minmay_the_grid_square_5x5_prize_itemx,
          minmay_the_grid_square_5x5_pentomino_r,
          minmay_the_grid_square_5x5_detours,
          minmay_the_grid_square_5x5_prize_rear_guard,
          minmay_the_grid_square_5x5_prize_gold,
          minmay_the_grid_square_5x5_spiral,
          minmay_the_grid_square_5x5_eight_small,
          minmay_the_grid_square_5x5_fat_x, minmay_the_grid_square_5x5_dogpile,
          minmay_the_grid_square_5x5_one_wall], layout_long_grid, serial_shops,
          nicolae_shop_trees, serial_bayou_pond_c, hell_entry,
          rand_demon_pan_entry_3, uniq_margery, uniq_mara
Depths:4: angbandy_vault, layout_gridlike, grunt_decor_resistance,
          abyss_entry_flame_altar, gammafunk_ghost_tricky_traps, hell_entry,
          serial_sigils_hangedman_scar
Depths:5: evilmike_zot_entry_gauntlet, layout_gridlike,
          hangedman_abyss_entry_splay, nicolae_trove_entry_path_of_doom,
          hangedman_decor_points, grunt_metal_band, serial_bayou_shore_b,
          infiniplex_staircase_pool_lava
Zot:1:    layout_onion_interference, drop_trap
Zot:2:    layout_basic, nicolae_zot_crop_circle
Zot:3:    layout_misc_corridors, grunt_ministairs_8, st_stairs_13,
          skrybe_zot_glass_2
Zot:4:    lemuel_halls_of_wrath, layout_basic

Skill      XL: |  1  2  3  4  5  6  7  8  9 10 11 12 13 14 15 16 17 18 19 20 |
---------------+-------------------------------------------------------------+-----
Axes           | 3 4 5 6 8 9 11 12 14 15 16 17 18 | 18.0
Fighting       | 3 4 5 6 7 8 9 11 12 14 15 16 17 18 | 18.6
Armour         | 4 5 6 7 8 9 10 11 12 13 14 16 17 18 19 | 19.8
Shields        | 4 5 6 7 8 9 10 11 12 13 14 16 17 18 19 | 19.8
Invocations    | 3 5 7 9 10 12 13 14 15 | 15.0

Action                   |  1- 3 |  4- 6 |  7- 9 | 10-12 | 13-15 | 16-18 | 19-21 || total
-------------------------+-------+-------+-------+-------+-------+-------+-------++-------
Melee: War axe           |    49 |   108 |   416 |   899 |   968 |       |       ||  2440
       Headbutt          |       |       |       |    49 |   322 |   354 |   212 ||   937
       Broad axe         |       |       |       |       |   210 |  1071 |   667 ||  1948
Invok: Lesser Servant of |       |       |       |     2 |     8 |       |       ||    10
       Greater Servant o |       |       |       |       |     1 |     3 |     1 ||     5
 Abil: Heal Wounds       |     1 |     5 |    21 |    31 |    14 |    18 |    21 ||   111
Evoke: Wand              |       |       |       |     2 |     6 |     4 |     3 ||    15
  Use: Scroll            |       |       |    17 |    11 |    11 |     6 |     2 ||    47
       Potion            |       |       |     2 |     3 |     5 |     3 |     3 ||    16
 Stab: Confused          |       |       |       |       |     1 |       |     2 ||     3
       Petrified         |       |       |       |       |     9 |       |       ||     9
       Petrifying        |       |       |       |       |     2 |       |       ||     2
       Paralysed         |       |       |       |       |     2 |       |       ||     2
       Distracted        |       |       |       |       |     1 |     1 |     1 ||     3
  Eat: Ration            |       |       |     1 |       |     2 |     4 |     2 ||     9
       Chunk             |       |       |     6 |    26 |    15 |     5 |       ||    52
Armor: Scale mail        |    20 |    54 |    82 |       |       |       |       ||   156
       Plate armour      |       |       |   175 |   564 |   579 |   743 |   152 ||  2213
       Skin              |       |       |    45 |       |    26 |       |       ||    71
       Gold dragon scale |       |       |       |       |       |       |   272 ||   272
Dodge: Dodged            |    31 |    30 |   135 |   209 |   174 |   225 |   127 ||   931
Block: Kite shield       |    41 |    72 |   343 |   690 |    55 |       |       ||  1201
       Tower shield      |       |       |       |       |  1183 |  1255 |   772 ||  3210

Table legend:
 A = Non-vault XP
 B = Vault XP
 C = Vault XP percentage of total XP
 D = Non-vault monster count
 E = Vault monster count
 F = Vault count percentage of total count
                 A         B        C        D         E       F
            +---------+---------+-------+---------+---------+-------
      Total |  348649 |  224928 |  39.2 |     753 |     289 |  27.7
            +---------+---------+-------+---------+---------+-------
        D:1 |      12 |       0 |   0.0 |       6 |       0 |   0.0
        D:2 |       2 |       0 |   0.0 |       1 |       0 |   0.0
        D:3 |       4 |       0 |   0.0 |       2 |       0 |   0.0
        D:4 |     119 |     146 |  55.1 |       7 |       6 |  46.2
        D:5 |     645 |       0 |   0.0 |      14 |       0 |   0.0
        D:6 |     680 |     111 |  14.0 |      20 |       8 |  28.6
        D:7 |    1445 |     972 |  40.2 |      28 |       5 |  15.2
        D:8 |    1388 |       0 |   0.0 |      33 |       0 |   0.0
        D:9 |    1529 |    1844 |  54.7 |      22 |      10 |  31.2
       D:10 |    2728 |       0 |   0.0 |      40 |       0 |   0.0
       D:11 |    3701 |     255 |   6.4 |      31 |      17 |  35.4
       D:12 |    7469 |    1591 |  17.6 |      32 |       1 |   3.0
       D:13 |    4015 |     725 |  15.3 |      24 |       2 |   7.7
       D:14 |    9508 |   13419 |  58.5 |      18 |      20 |  52.6
       D:15 |   15595 |    1996 |  11.3 |      57 |       2 |   3.4
     Lair:1 |    2443 |    2955 |  54.7 |      12 |       2 |  14.3
     Lair:2 |    3987 |       0 |   0.0 |      20 |       0 |   0.0
     Lair:3 |    5087 |    3072 |  37.7 |      17 |      11 |  39.3
     Lair:4 |    3904 |     473 |  10.8 |      16 |       3 |  15.8
    Swamp:1 |    1625 |       0 |   0.0 |       4 |       0 |   0.0
    Swamp:2 |    8137 |       0 |   0.0 |      14 |       0 |   0.0
    Swamp:3 |    8603 |       0 |   0.0 |      17 |       0 |   0.0
    Swamp:4 |   13368 |   17863 |  57.2 |      35 |      23 |  39.7
    Snake:1 |    3895 |    2847 |  42.2 |       6 |       3 |  33.3
    Snake:2 |   15275 |       0 |   0.0 |      30 |       0 |   0.0
    Snake:3 |    6457 |   12971 |  66.8 |      15 |       7 |  31.8
    Snake:4 |   13250 |   22857 |  63.3 |      27 |      36 |  57.1
   Vaults:1 |    2425 |    7834 |  76.4 |       7 |      10 |  58.8
   Vaults:2 |    7108 |    4871 |  40.7 |      13 |       4 |  23.5
   Vaults:3 |   12550 |     694 |   5.2 |      18 |       2 |  10.0
   Vaults:4 |    6801 |   16448 |  70.7 |      14 |      18 |  56.2
   Vaults:5 |   28808 |   52289 |  64.5 |      37 |      32 |  46.4
   Depths:1 |    8056 |   16830 |  67.6 |      13 |      19 |  59.4
   Depths:2 |       0 |    2995 | 100.0 |       0 |       2 | 100.0
   Depths:4 |   16646 |       0 |   0.0 |      22 |       0 |   0.0
   Depths:5 |   25958 |   25795 |  49.8 |      23 |      21 |  47.7
      Zot:1 |   19497 |       0 |   0.0 |      14 |       0 |   0.0
      Zot:2 |   66554 |    2210 |   3.2 |      35 |       1 |   2.8
      Zot:3 |    5415 |     512 |   8.6 |       2 |       1 |  33.3
      Zot:4 |   13960 |    6793 |  32.7 |       7 |       9 |  56.2
   Gauntlet |       0 |    3560 | 100.0 |       0 |      14 | 100.0
            +---------+---------+-------+---------+---------+-------
